 Dungeon Crawl Stone Soup version 0.24.0-123-gd5b16e6ec5 (webtiles) character file.

Game seed: 2512942700136197606, levelgen mode: deterministic

350528 Amplified the Drop of Water (level 22, -9/170 HPs)
             Began as a Gnoll Skald on Jan 16, 2020.
             Was the Champion of Ru.
             Mangled by a spriggan defender
             ... wielding a +2 demon whip of freezing
              (22 damage)
             ... while paralysed by a vampire knight
             ... on level 1 of the Vaults on Jan 17, 2020.
             The game lasted 01:58:00 (48691 turns).

Amplified the Drop of Water (Gnoll Skald)          Turns: 48691, Time: 01:58:01

Health: -9/170     AC: 15    Str: 12    XL:     22   Next: 21%
Magic:  39/39      EV:  2    Int: 27    God:    Ru [******]
Gold:   701        SH:  0    Dex: 25    Spells: 33/48 levels left

rFire    + + .     SeeInvis +   Q - +6 double sword (slice)
rCold    . . .     Gourm    .   f - +3 shield {reflect}
rNeg     . . .     Faith    .   K - +2 scale mail {rF+}
rPois    +         Spirit   .   z - +1 helmet {SInv}
rElec    .         Reflect  +   o - scarf {repulsion}
rCorr    .         Harm     .   F - +2 pair of gloves {Dex+3}
MR       +....     Rnd*Rage +   N - +0 pair of boots of the Morning Star {Int+4} (curse)
Stlth    ++++......             T - amulet of Beckuur {rF+ Regen+}
HPRegen  0.78/turn              v - ring of Berist {Wiz rPois Str-5 Int+6}
MPRegen  0.26/turn              I - ring of see invisible

@: paralysed, berserk cooldown, slowed, drained, repel missiles
A: distributed training, fangs 1, agile 1, berserk 1, blurry vision 1,
deterioration 1, shaggy fur 1, hated by all, inability to train armour,
unskilled 1, inexperienced 1, strong nose
}: 2/15 runes: decaying, serpentine
a: Draw Out Power, Power Leap, Apocalypse, Renounce Religion


You were on level 1 of the Vaults.
You worshipped Ru.
Ru was exalted by your worship.
You were not hungry.

You visited 7 branches of the dungeon, and saw 36 of its levels.
You visited the Abyss 1 time.
You also visited: Ossuary, Bailey and Volcano.

You collected 3351 gold pieces.
You spent 2650 gold pieces at shops.

Inventory:

Hand Weapons
 a - a +3 dagger of venom
 j - a +3 rapier of electrocution
 q - the +6 war axe "Tugol" {venom, Fragile rElec rC+}
   (You found it on level 3 of the Elven Halls)

   It poisons the flesh of those it strikes.
   It protects you from cold.
   It insulates you from electricity.
   It will be destroyed if unequipped.
 x - the +3 whip of Cucwon {slash, rF+ Dex+5 Stlth-}
   (You found it on level 6 of the Dungeon)

   It inflicts extra damage upon your enemies.
   It affects your dexterity (+5).
   It protects you from fire.
   It makes you less stealthy.
 P - the +8 arbalest "Inyg Asi" {penet, rF+ Int-2 Dex+4}
   (You took it off a naga on level 1 of the Snake Pit)

   Ammo fired by it will pass through the targets it hits, potentially hitting
   all targets in its path until it reaches maximum range.
   It affects your intelligence (-2).
   It affects your dexterity (+4).
   It protects you from fire.
 Q - a +6 double sword of slicing (weapon)
 W - a +6 vampiric rapier
Missiles
 n - 120 poisoned darts
 s - 10 curare-tipped darts (quivered)
Armour
 f - a +3 shield of reflection (worn)
 o - a scarf of repulsion (worn)
 y - the +0 cloak "Soolu" {+Inv rCorr Dex-2 Stlth+}
   (You found it on level 2 of the Elven Halls)

   It affects your dexterity (-2).
   It lets you turn invisible.
   It provides partial protection from all sources of acid and corrosion.
   It makes you more stealthy.
 z - a +1 helmet of see invisible (worn)
 F - a +2 pair of gloves of dexterity (worn)
 K - a +2 scale mail of fire resistance (worn)
 N - the cursed +0 pair of boots of the Morning Star (worn) {Int+4}
   (You found it on level 3 of the Snake Pit)

   It affects your intelligence (+4).
   It has a curse placed upon it.
 X - the +0 hat of Masochism {*Slow rElec Regen+ MP+9}
   (You found it on level 2 of the Elven Halls)

   It insulates you from electricity.
   It affects your magic capacity (+9).
   It increases your rate of regeneration.
   It may slow you when you take damage.
Jewellery
 e - an uncursed ring of resist corrosion
 v - the ring of Berist (left hand) {Wiz rPois Str-5 Int+6}
   (You bought it in a shop on level 6 of the Dungeon)

   [ring of wizardry]

   It improves your spell success rate.
   It affects your strength (-5).
   It affects your intelligence (+6).
   It protects you from poison.
 C - an uncursed ring of flight
 D - an uncursed ring of protection from fire
 E - an uncursed ring of positive energy
 H - an uncursed amulet of the acrobat
 I - a ring of see invisible (right hand)
 O - an uncursed ring of positive energy
 T - the amulet of Beckuur (around neck) {rF+ Regen+}
   (You found it on level 1 of the Swamp)

   [amulet of regeneration]

   It protects you from fire.
   It increases your rate of regeneration.
Wands
 k - a wand of random effects (29)
 G - a wand of polymorph (4)
 S - a wand of disintegration (9)
 U - a wand of acid (5)
Scrolls
 b - 4 scrolls of identify
 c - 5 scrolls of immolation
 h - 15 scrolls of remove curse
 i - 3 scrolls of silence
 t - 2 scrolls of fog
 w - 8 scrolls of amnesia
 B - a scroll of fear
 J - 3 scrolls of teleportation
 M - 4 scrolls of brand weapon
Potions
 g - 2 potions of haste
 l - a potion of curing
 r - 3 potions of flight
 A - a potion of cancellation
 L - 3 potions of lignification
 V - a potion of magic
 Y - a potion of might
Comestibles
 d - 54 rations


   Skills:
 + Level 13.4(12.6) Fighting
 + Level 12.8(12.0) Short Blades
 + Level 12.8(12.0) Long Blades
 + Level 12.8(12.0) Axes
 + Level 13.4(12.6) Maces & Flails
 + Level 12.8(12.0) Polearms
 + Level 12.8(12.0) Staves
 + Level 12.8(12.0) Slings
 + Level 12.8(12.0) Bows
 + Level 12.8(12.0) Crossbows
 + Level 12.8(12.0) Throwing
   Level 0.0 Armour
 + Level 13.4(12.6) Dodging
 + Level 12.8(12.0) Stealth
 + Level 12.8(12.0) Shields
 + Level 12.8(12.0) Unarmed Combat
 + Level 13.5(12.7) Spellcasting
 + Level 11.0(10.3) Conjurations
 + Level 11.0(10.3) Hexes
 + Level 12.0(11.2) Charms
 + Level 11.0(10.3) Summonings
 + Level 11.0(10.3) Necromancy
 + Level 11.0(10.3) Translocations
 + Level 11.0(10.3) Transmutations
 + Level 11.0(10.3) Fire Magic
 + Level 11.0(10.3) Ice Magic
 + Level 11.0(10.3) Air Magic
 + Level 11.0(10.3) Earth Magic
 + Level 11.0(10.3) Poison Magic
 + Level 13.8(13.0) Invocations
 + Level 12.8(12.0) Evocations


You had 33 spell levels left.
You knew the following spells:

 Your Spells              Type           Power        Failure   Level  Hunger
a - Spectral Weapon       Hex/Chrm       ######..     1%          3    None
b - Confusing Touch       Hex            ######       1%          1    None
c - Regeneration          Chrm/Necr      ######....   1%          3    None
d - Poisonous Vapours     Pois/Air       ######       1%          2    None
e - Freezing Cloud        Conj/Ice/Air   ######....   24%         6    #####..

Your spell library contained the following spells:

 Spells                   Type           Power        Failure   Level  Hunger
 Apportation              Tloc           ######       1%          1    None
 Infusion                 Chrm           ####         1%          1    None
 Pain                     Necr           ####         1%          1    None
 Shroud of Golubria       Chrm/Tloc      ######       1%          2    None
 Slow                     Hex            ######..     1%          2    None
 Song of Slaying          Chrm           ######..     1%          2    None
 Throw Flame              Conj/Fire      ######       1%          2    None
 Confuse                  Hex            ######..     1%          3    None
 Conjure Flame            Conj/Fire      ######..     1%          3    None
 Gell's Gravitas          Tloc           ######....   1%          3    None
 Mephitic Cloud           Conj/Pois/Air  ######..     1%          3    None
 Vampiric Draining        Necr           ######....   1%          3    None
 Ice Form                 Ice/Tmut       ######..     1%          4    None
 Petrify                  Tmut/Erth      ######..     1%          4    None
 Iskenderun's Battlesphe  Conj/Chrm      ######..     3%          5    ##.....
 Alistair's Intoxication  Tmut/Pois      ######..     4%          5    ##.....
 Aura of Abjuration       Summ           ######....   4%          5    ##.....
 Bolt of Magma            Conj/Fire/Erth ######....   4%          5    ##.....
 Metabolic Englaciation   Hex/Ice        ######....   4%          5    ##.....
 Venom Bolt               Conj/Pois      ######....   4%          5    ##.....
 Yara's Violent Unravell  Hex/Tmut       ######....   4%          5    ##.....
 Bolt of Cold             Conj/Ice       ######....   24%         6    #####..
 Iron Shot                Conj/Erth      ######....   24%         6    #####..
 Ozocubu's Refrigeration  Ice            ######....   24%         6    #####..
 Ring of Flames           Chrm/Fire      ######....   69%         7    ######.
 Dragon Form              Tmut           ######....   75%         7    ######.
 Orb of Destruction       Conj           ######....   75%         7    ######.
 Disjunction              Tloc           ######....   100%        8    #######
 Ignition                 Fire           ######....   100%        8    #######
 Animate Skeleton         Necr           Unusable     N/A         1    N/A
 Summon Small Mammal      Summ           Unusable     N/A         1    N/A
 Call Imp                 Summ           Unusable     N/A         2    N/A
 Call Canine Familiar     Summ           Unusable     N/A         3    N/A
 Recall                   Summ/Tloc      Unusable     N/A         3    N/A
 Summon Guardian Golem    Hex/Summ       Unusable     N/A         3    N/A
 Animate Dead             Necr           Unusable     N/A         4    N/A
 Summon Ice Beast         Ice/Summ       Unusable     N/A         4    N/A
 Summon Lightning Spire   Summ/Air       Unusable     N/A         4    N/A
 Summon Demon             Summ           Unusable     N/A         5    N/A
 Summon Forest            Summ/Tloc      Unusable     N/A         5    N/A
 Summon Mana Viper        Hex/Summ       Unusable     N/A         5    N/A
 Shadow Creatures         Summ           Unusable     N/A         6    N/A
 Simulacrum               Ice/Necr       Unusable     N/A         6    N/A
 Spellforged Servitor     Conj/Summ      Unusable     N/A         7    N/A

Dungeon Overview and Level Annotations

Branches:
Dungeon (15/15)            Temple (0/1) D:7            Lair (6/6) D:11
  Swamp (4/4) Lair:4        Snake (4/4) Lair:4        Slime (0/5) Lair:5
    Orc (2/2) D:10            Elf (3/3) Orc:2        Vaults (2/5) D:14
  Crypt (0/3) Vaults:2     Depths (0/5) D:15        Ossuary (visited)
 Bailey (visited)         Volcano (visited)

Altars:
Cheibriados
Elyvilon
Fedhas
Hepliaklqana
Okawaru
Qazlal
Ru
Sif Muna
Trog
Vehumet
Xom
Yredelemnul
Beogh
Jiyva

Shops:
D:6 =   D:11 (   Orc:1 }   Orc:2 (??!   Elf:1 %   Elf:3 }   Snake:2 }([:

Annotations:
Lair:3 1 runed translucent door, demivan's ghost, journeyman DDFi
Swamp:3 Snakes when rF+3
Snake:1 2 transporters, Goreval's ghost, adept DrTm
Elf:2 exclusion: orange crystal statue


Innate Abilities, Weirdness & Mutations

Your experience applies equally to all skills.
You have very sharp teeth.
You are hated by all.
You cannot train Armour skill.
You are somewhat unskilled. (-1 Apt)
You are somewhat inexperienced. (-2 XL)
Your uncanny sense of smell can sniff out nearby items.
You are agile. (Dex +2)
You tend to lose your temper in combat.
Scrolls take you a little longer to read.
Your body sometimes deteriorates upon taking damage.
You are covered in fur. (AC +1)


Message History

The spriggan defender freezes you.
The vampire knight hits you but does no damage.
The vampire knight bites you.
The vampire knight draws strength from your injuries!
The spriggan defender hits you with a +2 demon whip of freezing!
* * * LOW HITPOINT WARNING * * *
The spriggan defender freezes you.
* * * LOW HITPOINT WARNING * * *
The spriggan defender hits you with a +2 demon whip of freezing!
* * * LOW HITPOINT WARNING * * *
The spriggan defender freezes you.
* * * LOW HITPOINT WARNING * * *
The vampire knight casts a spell at you.
You easily resist.
The spriggan defender hits you but does no damage.
You redirect the vampire knight's attack!
The vampire knight gestures wildly while chanting.
The vampire knight suddenly stops moving!
The spriggan defender hits you with a +2 demon whip of freezing!!
You die...

#3o# #...#####.#.. ..#..#
#g5# #.......#.#.8 ...#..
#..# โˆ† +.[.....#.#.i ##..'.
#..# #.......#.#.@#(#..# #..#
######+##.#..###..# ...#
#.#.....ยง.# ...# โˆ† โˆ†
#.#..V..V.# ...# #)####'####
...#############@i.......#
.................V...........
.............................
.............................
.............................
.............................
#############################


You could see a vampire knight (paralysed) and a spriggan defender.

Vanquished Creatures
  Frederick (Vaults:1)
  Bai Suzhen (Snake:4)
  Vashnia (Snake:2)
  A caustic shrike (Snake:4)
  Nikola (Snake:1)
  A profane servitor (Abyss:4)
  A deep elf blademaster (Elf:2)
  A thorn hunter (Swamp:1)
  Agnes (Snake:2)
  The ghost of Sagen the Devastator, an adept DrCj of Vehumet (Snake:3)
  Donald (Snake:4)
  An ancient champion (Vaults:1)
  11 nagarajas
  The ghost of OmG the Fetichist, an adept DsAr of Uskayaw (Elf:2)
  A vault warden (Vaults:1)
  An orc warlord (Orc:2)
  A draconian scorcher (Abyss:4)
  An emperor scorpion (shapeshifter) (Vaults:1)
  Aizul (Snake:2)
  Louise (Snake:4)
  4 ironheart preservers (Vaults:1)
  A deep elf demonologist (Vaults:1)
  A stone giant (Vaults:2)
  Nessos (Lair:4)
  A red draconian (Volcano)
  Azrael (Snake:2)
  2 deep elf annihilators (Vaults:1)
  A fire dragon (Vaults:1)
  3 jiangshi (Abyss:4)
  4 yaktaur captains (Vaults:1)
  Harold (D:11)
  A great orb of eyes (Vaults:1)
  A hydra (shapeshifter) (Elf:2)
  4 ice dragons
  5 vault guards (D:14)
  2 ghost crabs (Swamp:2)
  21 naga warriors
  14 hydras
  5 centaur warriors
  3 death yaks
  2 shambling mangroves
  5 anacondas
  19 dancing weapons
  11 ogre magi
  2 tengu warriors
  A queen ant (Orc:2)
  37 two-headed ogres
  2 deep troll earth magi (Vaults:1)
  A merfolk avatar (Lair:6)
  11 alligators
  4 orc high priests (Orc:2)
  A thrashing horror (Abyss:3)
  A vampire mage (Abyss:4)
  18 naga sharpshooters
  13 deep elf knights
  7 shock serpents
  A shadow wraith (Vaults:1)
  8 skeletal warriors
  Nergalle (Lair:3)
  A sixfirhy (Abyss:4)
  The ghost of MisterOstroum the Skirmisher, a novice DsSk of Makhleb (D:7)
  A fire crab (Lair:4)
  3 salamander mystics
  A sea snake (shapeshifter) (Elf:3)
  3 deep trolls (Vaults:1)
  2 unseen horrors (D:15)
  12 deep elf archers
  2 sea snakes (Lair:6)
  2 spriggan druids (Swamp:4)
  9 naga ritualists
  An ironbrand convoker (Vaults:1)
  2 wizards (D:15)
  8 swamp dragons (Swamp:4)
  A wolf spider (Vaults:1)
  2 harpies (shapeshifter)
  43 deep elf magi
  2 harpies (Lair:6)
  3 manticores
  6 orc sorcerers
  2 necromancers (Vaults:1)
  9 orc knights
  A wolf spider (shapeshifter) (Elf:2)
  A mana viper (shapeshifter) (Vaults:1)
  3 cyclopes
  A shining eye (shapeshifter) (Elf:2)
  10 salamanders
  A faun (D:15)
  6 elephants
  7 moths of wrath
  13 ugly things
  18 mana vipers
  Maurice (D:10)
  A stone giant skeleton (Vaults:1)
  8 guardian serpents
  42 black mambas
  A water nymph (Snake:2)
  31 naga magi
  An orange demon (Abyss:4)
  4 vault sentinels
  2 guardian serpents (shapeshifter) (Elf:2)
  19 spiny frogs
  A redback zombie (D:15)
  2 rime drakes
  6 centaur skeletons
  A kobold demonologist (D:14)
  An efreet (D:14)
  2 komodo dragons (Lair:6)
  10 yaktaurs
  2 tengu conjurers (D:14)
  3 freezing wraiths
  5 trolls
  2 red devils (D:15)
  A queen bee (Lair:3)
  6 tyrant leeches
  A jumping spider (shapeshifter) (Elf:3)
  6 polar bears
  18 hornets
  39 slime creatures
  A raiju (Abyss:4)
  2 wind drakes (Lair:6)
  A blink frog (shapeshifter) (Vaults:1)
  5 blink frogs
  A dream sheep (Snake:1)
  11 hippogriffs
  A slime creature (shapeshifter) (Elf:2)
  7 bog bodies
  4 water elementals
  19 yaks
  A centaur simulacrum (D:15)
  An air elemental (Elf:3)
  5 wraiths
  5 shadows
  A vampire (D:11)
  A redback (shapeshifter) (Elf:2)
  14 spriggans
  Eustachio (D:5)
  3 humans
  2 fire bats (Abyss:4)
  4 basilisks
  A golden eye (shapeshifter) (Elf:2)
  2 wyverns
  7 fire elementals
  3 hogs (D:9)
  A steam dragon (Snake:4)
  14 vampire mosquitoes
  4 hungry ghosts
  A yak (shapeshifter) (Vaults:1)
  3 chaos spawn (Abyss:4)
  13 swamp worms
  4 wargs
  52 nagas
  8 porcupines
  2 acid dragons
  12 water moccasins
  A floating eye (Snake:1)
  2 hell hounds (Snake:2)
  12 swamp drakes
  An eye of draining (shapeshifter) (Elf:2)
  4 ice beasts
  3 black bears
  57 orc warriors
  6 sky beasts
  An eye of draining (D:11)
  2 hornet zombies
  2 phantoms
  17 wolves
  5 boggarts
  A tengu (shapeshifter) (Elf:2)
  20 ogres
  9 centaurs
  7 crocodiles
  A big kobold (shapeshifter) (Orc:2)
  A yaktaur zombie (Vaults:1)
  5 big kobolds
  An earth elemental (Elf:2)
  16 bullfrogs
  2 elf zombies (D:5)
  A small abomination (Abyss:4)
  A glowing shapeshifter simulacrum (Vaults:1)
  A gnoll sergeant (D:7)
  A wyvern zombie (D:14)
  An elf skeleton (D:5)
  A yaktaur skeleton (Vaults:1)
  3 wyvern skeletons
  6 scorpions
  29 killer bees
  11 wights
  5 howler monkeys
  5 electric eels
  10 crimson imps
  3 hounds
  A quasit (D:11)
  2 centaur zombies
  A human simulacrum (Vaults:1)
  A human zombie (D:5)
  29 orc priests
  2 jellies
  2 gnoll shamans
  3 human skeletons
  3 iguanas
  26 orc wizards
  8 worker ants
  4 yak simulacra (Lair:5)
  A killer bee zombie (D:9)
  4 wolf simulacra (Lair:5)
  2 polar bear simulacra (Lair:5)
  2 hound skeletons (D:4)
  A hound zombie (D:7)
  3 mummies (Ossuary)
  12 gnolls
  9 adders
  2 shadow imps
  An ooze (D:4)
  An adder zombie (D:9)
  2 worms
  A dart slug (D:2)
  4 leopard geckos
  113 orcs
  4 ball pythons
  2 giant cockroaches
  14 goblins
  13 hobgoblins
  5 jackals
  6 quokkas
  8 bats
  4 frilled lizards
  5 goblin zombies (Ossuary)
  2 hobgoblin zombies (Ossuary)
  35 kobolds
  An orc skeleton (D:5)
  A quokka skeleton (D:5)
  11 rats
  A river rat simulacrum (Lair:5)
  A fungus (Lair:2)
1468 creatures vanquished.

Vanquished Creatures (others)
  An Executioner (Abyss:4)
  A two-headed ogre (Volcano)
  A dancing weapon (Elf:2)
  A naga sharpshooter (Snake:4)
  2 deep elf knights
  2 deep elf archers
  A necromancer (Lair:5)
  2 mana vipers (Snake:1)
  An ugly thing (D:14)
  8 deep elf magi
  A cyclops (Vaults:1)
  A salamander (Snake:3)
  A black mamba (Snake:2)
  4 yaktaurs
  A komodo dragon (Lair:6)
  2 red devils (D:15)
  A hornet (D:13)
  A tyrant leech (Swamp:3)
  A blink frog (Lair:4)
  A spriggan (D:13)
  An ettin skeleton (Vaults:1)
  A yak (D:12)
  A vampire mosquito (Swamp:4)
  2 swamp worms
  4 nagas
  An acid dragon (Vaults:2)
  A swamp drake (Swamp:4)
  2 ogres
  An orc priest (Orc:2)
  An orc wizard (Orc:1)
  A leopard gecko (D:9)
  3 orcs
  A kobold (D:14)
  9 fungi
  8 plants
  37 spectral weapons
  8 toadstools (Swamp:1)
116 creatures vanquished.

Grand Total: 1584 creatures vanquished

Notes
Turn   | Place    | Note
-------+----------+-------------------------------------------
     0 | D:1      | Amplified the Gnoll Skald began the quest for the Orb.
     0 | D:1      | Reached XP level 1. HP: 20/20 MP: 6/6
   135 | D:1      | Reached XP level 2. HP: 23/26 MP: 7/7
   616 | D:2      | Reached skill level 5 in Spellcasting
   616 | D:2      | Reached XP level 3. HP: 26/31 MP: 7/9
   643 | D:2      | Found a faded altar of an unknown god.
   663 | D:2      | Became a worshipper of Ru the Awakened
   679 | D:2      | Gained mutation: You are hated by all. [Ru sacrifice]
   679 | D:2      | Reached * piety under Ru
   712 | D:2      | Found a shimmering blue altar of Sif Muna.
   863 | D:2      | Reached skill level 1 in Invocations
  1002 | D:2      | Reached skill level 1 in Short Blades
  1002 | D:2      | Reached skill level 1 in Long Blades
  1002 | D:2      | Reached skill level 1 in Axes
  1002 | D:2      | Reached skill level 1 in Polearms
  1002 | D:2      | Reached skill level 1 in Staves
  1002 | D:2      | Reached skill level 1 in Slings
  1002 | D:2      | Reached skill level 1 in Bows
  1002 | D:2      | Reached skill level 1 in Crossbows
  1002 | D:2      | Reached skill level 1 in Throwing
  1002 | D:2      | Reached skill level 1 in Stealth
  1002 | D:2      | Reached skill level 1 in Shields
  1002 | D:2      | Reached skill level 1 in Unarmed Combat
  1002 | D:2      | Reached skill level 1 in Evocations
  1029 | D:2      | Found a hazy altar of Hepliaklqana.
  1184 | D:4      | Found a blossoming altar of Fedhas.
  1300 | D:4      | Reached XP level 4. HP: 38/38 MP: 11/11
  1436 | D:4      | Found a white marble altar of Elyvilon.
  1525 | D:4      | Reached skill level 1 in Conjurations
  1525 | D:4      | Reached skill level 1 in Hexes
  1525 | D:4      | Reached skill level 1 in Summonings
  1525 | D:4      | Reached skill level 1 in Necromancy
  1525 | D:4      | Reached skill level 1 in Translocations
  1525 | D:4      | Reached skill level 1 in Transmutations
  1525 | D:4      | Reached skill level 1 in Fire Magic
  1525 | D:4      | Reached skill level 1 in Ice Magic
  1525 | D:4      | Reached skill level 1 in Air Magic
  1525 | D:4      | Reached skill level 1 in Earth Magic
  1525 | D:4      | Reached skill level 1 in Poison Magic
  1549 | D:5      | Entered Level 5 of the Dungeon
  1557 | D:5      | Reached XP level 5. HP: 33/43 MP: 12/12
  1574 | D:5      | Learned a level 3 spell: Spectral Weapon
  1607 | D:5      | Noticed Eustachio
  1925 | D:5      | Reached XP level 6. HP: 17/50 MP: 13/13
  1944 | D:5      | Found a sand-covered staircase.
  2021 | D:5      | Reached skill level 5 in Fighting
  2021 | D:5      | Reached skill level 5 in Maces & Flails
  2021 | D:5      | Reached skill level 5 in Dodging
  2063 | D:5      | Reached XP level 7. HP: 43/56 MP: 15/15
  2115 | Ossuary  | Entered an ossuary
  2115 | Ossuary  | Noticed a wraith
  2115 | Ossuary  | Noticed a wraith
  2115 | Ossuary  | Noticed a wraith
  2378 | Ossuary  | Noticed a wraith
  2380 | Ossuary  | Gained mutation: You possess an exceptional clarity of
                  | mind. [potion of mutation]
  2380 | Ossuary  | Gained mutation: You are occasionally teleported next to
                  | monsters. [potion of mutation]
  2380 | Ossuary  | Gained mutation: Armour fits poorly on your strangely
                  | shaped body. [potion of mutation]
  2380 | Ossuary  | Gained mutation: Your system is resistant to poisons.
                  | (rPois) [potion of mutation]
  2486 | Ossuary  | Killed a wraith
  2618 | D:5      | Killed Eustachio
  2685 | D:5      | Reached XP level 8. HP: 40/63 MP: 16/16
  2956 | D:4      | Found a basalt altar of Yredelemnul.
  4067 | D:6      | Got a faintly glowing whip
  4068 | D:6      | Identified the +3 whip of Cucwon {slash, rF+ Dex+5 Stlth-}
                  | (You found it on level 6 of the Dungeon)
  4311 | D:6      | Found an iron altar of Okawaru.
  4349 | D:6      | Reached XP level 9. HP: 69/69 MP: 18/18
  4404 | D:6      | Found Optawkimm's Jewellery Emporium.
  4981 | D:7      | Found a stormy altar of Qazlal.
  5101 | D:7      | Found a staircase to the Ecumenical Temple.
  5210 | D:7      | Found a transporter.
  5213 | D:7      | Noticed MisterOstroum's ghost (novice DsSk)
  5227 | D:7      | Found a bloodstained altar of Trog.
  5228 | D:7      | Noticed a moth of wrath
  5229 | D:7      | Noticed a two-headed ogre
  5234 | D:7      | Found a transporter.
  5281 | D:7      | Reached skill level 5 in Armour
  5651 | D:8      | Noticed a two-headed ogre
  5792 | D:8      | You fall into a shaft and drop 2 floors!
  5792 | D:10     | Entered Level 10 of the Dungeon
  5836 | D:9      | Reached skill level 5 in Invocations
  5957 | D:9      | Reached XP level 10. HP: 69/77 MP: 20/20
  6098 | D:9      | Found a radiant altar of Vehumet.
  6271 | D:9      | Noticed an orc sorcerer
  6273 | D:9      | Noticed a soul eater
  6277 | D:9      | Killed an orc sorcerer
  6277 | D:9      | Reached skill level 5 in Short Blades
  6277 | D:9      | Reached skill level 5 in Long Blades
  6277 | D:9      | Reached skill level 5 in Axes
  6277 | D:9      | Reached skill level 5 in Polearms
  6277 | D:9      | Reached skill level 5 in Staves
  6277 | D:9      | Reached skill level 5 in Slings
  6277 | D:9      | Reached skill level 5 in Bows
  6277 | D:9      | Reached skill level 5 in Crossbows
  6277 | D:9      | Reached skill level 5 in Throwing
  6277 | D:9      | Reached skill level 5 in Stealth
  6277 | D:9      | Reached skill level 5 in Shields
  6277 | D:9      | Reached skill level 5 in Unarmed Combat
  6277 | D:9      | Reached skill level 5 in Evocations
  7086 | D:8      | Found a snail-covered altar of Cheibriados.
  7122 | D:8      | Identified Qucigg Ochuc's Guide on Blistering Orientation
  7154 | D:8      | Noticed a two-headed ogre
  7207 | D:8      | Killed a two-headed ogre
  7372 | D:8      | Reached XP level 11. HP: 80/84 MP: 22/22
  7378 | D:8      | Gained mutation: You are somewhat unskilled. (-1 Apt) [Ru
                  | sacrifice]
  7378 | D:8      | Reduced skill Armour to level 5
  7378 | D:8      | Reduced skill Invocations to level 5
  7378 | D:8      | Reached ** piety under Ru
  7378 | D:8      | Reached *** piety under Ru
  7880 | D:8      | Killed a two-headed ogre
  8105 | D:8      | Lost mutation: You possess an exceptional clarity of mind.
                  | [potion of mutation]
  8105 | D:8      | Lost mutation: You are occasionally teleported next to
                  | monsters. [potion of mutation]
  8105 | D:8      | Lost mutation: Your system is resistant to poisons. (rPois)
                  | [potion of mutation]
  8105 | D:8      | Gained mutation: You have large cloven feet. [potion of
                  | mutation]
  8295 | D:11     | Noticed a manticore
  8312 | D:11     | Killed a manticore
  9029 | D:10     | Found a staircase to the Orcish Mines.
  9164 | D:11     | Noticed a cyclops
  9300 | D:11     | Noticed Maurice
  9302 | D:11     | Paralysed by Maurice for 7 turns
  9330 | D:10     | Killed Maurice
  9466 | Orc:1    | Entered Level 1 of the Orcish Mines
  9486 | Orc:1    | Gained mutation: You are somewhat inexperienced. (-2 XL)
                  | [Ru sacrifice]
  9486 | Orc:1    | Reached XP level 10. HP: 79/79 MP: 21/21
  9486 | Orc:1    | Reached XP level 9. HP: 72/72 MP: 20/20
  9486 | Orc:1    | Reached **** piety under Ru
  9486 | Orc:1    | Reached ***** piety under Ru
  9509 | Orc:1    | Killed a troll
  9564 | Orc:1    | Noticed an orc sorcerer
  9707 | Orc:1    | Killed an orc sorcerer
  9766 | Orc:1    | Reached XP level 10. HP: 79/79 MP: 21/21
  9794 | Orc:1    | Found Segewepp's Gadget Emporium.
  9802 | Orc:1    | Bought a wand of acid (9) for 312 gold pieces
  9802 | Orc:1    | Bought a wand of iceblast (11) for 180 gold pieces
  9803 | Orc:1    | Noticed a two-headed ogre
  9811 | Orc:1    | Killed a two-headed ogre
  9862 | Orc:1    | Found a flagged portal.
  9868 | Bailey   | Entered a bailey
 10075 | Bailey   | Noticed an orc knight
 10083 | Bailey   | Killed an orc knight
 10097 | Bailey   | Reached skill level 5 in Conjurations
 10097 | Bailey   | Reached skill level 5 in Hexes
 10097 | Bailey   | Reached skill level 5 in Summonings
 10097 | Bailey   | Reached skill level 5 in Necromancy
 10097 | Bailey   | Reached skill level 5 in Translocations
 10097 | Bailey   | Reached skill level 5 in Transmutations
 10097 | Bailey   | Reached skill level 5 in Fire Magic
 10097 | Bailey   | Reached skill level 5 in Ice Magic
 10097 | Bailey   | Reached skill level 5 in Air Magic
 10097 | Bailey   | Reached skill level 5 in Earth Magic
 10097 | Bailey   | Reached skill level 5 in Poison Magic
 10365 | Orc:2    | Entered Level 2 of the Orcish Mines
 10365 | Orc:2    | Noticed a two-headed ogre
 10440 | D:11     | Noticed a manticore
 10469 | D:11     | Killed a manticore
 10660 | D:11     | Noticed a two-headed ogre
 10671 | D:11     | Killed a two-headed ogre
 10671 | D:11     | Reached XP level 11. HP: 48/84 MP: 22/22
 10692 | D:11     | Noticed Harold
 10706 | D:11     | Killed Harold
 10727 | D:11     | Noticed a purple ugly thing
 10757 | D:11     | Killed a purple ugly thing
 10823 | D:11     | Killed a cyclops
 10847 | D:11     | You fall into a shaft and drop 2 floors!
 10908 | D:13     | Noticed a spriggan rider
 11006 | D:13     | Noticed a spriggan rider
 11320 | D:12     | Paralysed by a hornet for 2 turns
 11322 | D:12     | HP: 2/86 [hornet (11)]
 11631 | D:11     | Found Citats's Weapon Boutique.
 11676 | D:11     | Got a twisted scale mail
 11677 | D:11     | Identified the cursed +0 scale mail "Ziaral" {*Drain rPois
                  | rN+ SInv} (You found it on level 11 of the Dungeon)
 11757 | D:11     | Found a staircase to the Lair.
 12081 | Lair:1   | Entered Level 1 of the Lair of Beasts
 12575 | Lair:1   | Reached XP level 12. HP: 54/92 MP: 24/24
 12765 | Lair:1   | Learned a level 1 spell: Confusing Touch
 12769 | Lair:1   | Learned a level 3 spell: Regeneration
 13459 | Lair:2   | Noticed a seven-headed hydra
 13476 | Lair:2   | Killed a seven-headed hydra
 13892 | Lair:2   | Noticed a six-headed hydra
 13903 | Lair:2   | Killed a six-headed hydra
 14291 | Lair:2   | Noticed a death yak
 14292 | Lair:2   | Noticed a death yak
 14292 | Lair:2   | Noticed a death yak
 14330 | Lair:2   | Noticed a death yak
 14337 | Lair:2   | Noticed a death yak
 14341 | Lair:2   | Killed a death yak
 14468 | Lair:3   | Found a runed translucent door.
 14469 | Lair:3   | Found a shimmering altar of Xom.
 14469 | Lair:3   | Noticed demivan's ghost (journeyman DDFi)
 14734 | Lair:3   | HP: 4/94 [poisoned by a spiny frog]
 14739 | Lair:3   | HP: 2/94 [poisoned by a spiny frog]
 14745 | Lair:3   | HP: 2/94 [poisoned by a spiny frog]
 14751 | Lair:3   | HP: 3/94 [poisoned by a spiny frog]
 15004 | Lair:3   | Noticed Nergalle
 15156 | Lair:1   | Killed a death yak
 15156 | Lair:1   | Reached XP level 13. HP: 37/99 MP: 19/25
 15956 | Lair:3   | Killed Nergalle
 16269 | Lair:4   | Found a dark tunnel.
 16283 | Volcano  | Entered a volcano
 16346 | Volcano  | Found a radiant altar of Vehumet.
 16411 | Volcano  | Noticed a red draconian
 16452 | Volcano  | Killed a red draconian
 16692 | Lair:4   | Found a staircase to the Snake Pit.
 16839 | Lair:4   | Noticed Nessos
 16868 | Lair:4   | Killed Nessos
 16976 | Lair:4   | Found a staircase to the Swamp.
 17201 | Lair:4   | Gained mutation: You cannot train Armour skill. [Ru
                  | sacrifice]
 17201 | Lair:4   | Reached ****** piety under Ru
 17460 | D:12     | Paralysed by a hornet for 3 turns
 18257 | D:13     | Reached XP level 14. HP: 58/108 MP: 27/27
 18425 | D:13     | Identified the Grimoire of Unstable Beguiling
 19683 | D:15     | Entered Level 15 of the Dungeon
 20357 | D:15     | Reached skill level 10 in Spellcasting
 20561 | D:15     | Reached XP level 15. HP: 80/115 MP: 29/29
 21095 | D:15     | Found a staircase to the Depths.
 21371 | D:15     | Got a smoking robe
 21372 | D:15     | Identified the cursed +1 robe of Oqugho {rElec rF- Regen+
                  | Str+7} (You found it on level 15 of the Dungeon)
 21590 | Orc:2    | Reached skill level 10 in Fighting
 21590 | Orc:2    | Reached skill level 10 in Maces & Flails
 21590 | Orc:2    | Reached skill level 10 in Dodging
 22491 | Orc:2    | Noticed an orc warlord
 22508 | Orc:2    | Found a roughly hewn altar of Beogh.
 22531 | Orc:2    | Killed an orc warlord
 22623 | Orc:2    | Reached skill level 10 in Invocations
 23132 | Orc:2    | Found a staircase to the Elven Halls.
 23347 | Orc:2    | Found Fejodink's Antique Weapon Boutique.
 23376 | Orc:2    | Found Inann's Magic Scroll Shoppe.
 23418 | Orc:2    | Bought a scroll of teleportation for 54 gold pieces
 23418 | Orc:2    | Bought a scroll of fear for 63 gold pieces
 23418 | Orc:2    | Bought 2 scrolls of teleportation for 108 gold pieces
 23627 | Orc:2    | Found a roughly hewn altar of Beogh.
 23663 | Orc:2    | Found Etobag's Distillery.
 23678 | Orc:2    | Bought a potion of curing for 51 gold pieces
 23678 | Orc:2    | Bought a potion of resistance for 170 gold pieces
 23678 | Orc:2    | Bought a potion of curing for 51 gold pieces
 23678 | Orc:2    | Bought 2 potions of agility for 136 gold pieces
 23678 | Orc:2    | Bought a potion of invisibility for 136 gold pieces
 23678 | Orc:2    | Bought a potion of mutation for 136 gold pieces
 23678 | Orc:2    | Lost mutation: Armour fits poorly on your strangely shaped
                  | body. [potion of mutation]
 23678 | Orc:2    | Lost mutation: You have large cloven feet. [potion of
                  | mutation]
 23678 | Orc:2    | Gained mutation: You have a somewhat thin skeletal
                  | structure. (Dex +2, Stealth) [potion of mutation]
 23678 | Orc:2    | Gained mutation: Your spells are a little harder to cast,
                  | but a little more powerful. [potion of mutation]
 23685 | Orc:2    | Found Raub's Magic Scroll Shop.
 24580 | D:7      | Killed MisterOstroum's ghost
 25336 | Lair:5   | Found a viscous altar of Jiyva.
 25337 | Lair:5   | Found a staircase to the Slime Pits.
 25961 | Lair:6   | Entered Level 6 of the Lair of Beasts
 26199 | Lair:6   | Paralysed by a hornet for 1 turns
 27719 | D:6      | Bought the ring of Berist {Wiz rPois Str-5 Int+6} for 519
                  | gold pieces
 27918 | Snake:1  | Entered Level 1 of the Snake Pit
 27918 | Snake:1  | Noticed Nikola
 27944 | Snake:1  | Killed Nikola
 27944 | Snake:1  | Reached XP level 16. HP: 56/123 MP: 26/30
 28049 | Snake:1  | Found a runed translucent door.
 28053 | Snake:1  | Identified the +8 arbalest "Inyg Asi" {penet, rF+ Int-2
                  | Dex+4}
 28478 | Snake:1  | Noticed a nagaraja
 28502 | Snake:1  | Killed a nagaraja
 28928 | Snake:1  | Found a transporter.
 28947 | Snake:1  | Noticed Goreval's ghost (adept DrTm)
 28948 | Snake:1  | Found a transporter.
 29424 | Swamp:1  | Entered Level 1 of the Swamp
 29464 | Swamp:1  | Got a scorched golden amulet
 29466 | Swamp:1  | Identified the amulet of Beckuur {rF+ Regen+} (You found it
                  | on level 1 of the Swamp)
 29747 | Elf:1    | Entered Level 1 of the Elven Halls
 29971 | Elf:1    | Reached skill level 10 in Short Blades
 29971 | Elf:1    | Reached skill level 10 in Long Blades
 29971 | Elf:1    | Reached skill level 10 in Axes
 29971 | Elf:1    | Reached skill level 10 in Polearms
 29971 | Elf:1    | Reached skill level 10 in Staves
 29971 | Elf:1    | Reached skill level 10 in Slings
 29971 | Elf:1    | Reached skill level 10 in Bows
 29971 | Elf:1    | Reached skill level 10 in Crossbows
 29971 | Elf:1    | Reached skill level 10 in Throwing
 29971 | Elf:1    | Reached skill level 10 in Stealth
 29971 | Elf:1    | Reached skill level 10 in Shields
 29971 | Elf:1    | Reached skill level 10 in Unarmed Combat
 29971 | Elf:1    | Reached skill level 10 in Evocations
 29989 | Elf:1    | Gained mutation: You are frail. (-10% HP) [a neqoxec]
 29993 | Elf:1    | Gained mutation: Scrolls take you a little longer to read.
                  | [a neqoxec]
 30190 | Elf:1    | Lost mutation: You are frail. (-10% HP) [potion of
                  | mutation]
 30190 | Elf:1    | Lost mutation: Scrolls take you a little longer to read.
                  | [potion of mutation]
 30190 | Elf:1    | Lost mutation: Your spells are a little harder to cast, but
                  | a little more powerful. [potion of mutation]
 30190 | Elf:1    | Gained mutation: You are covered in fur. (AC +1) [potion of
                  | mutation]
 30190 | Elf:1    | Gained mutation: You expend magic power (3 MP) to
                  | strengthen your wands. [potion of mutation]
 30211 | Elf:1    | Found Doqautul's Food Shoppe.
 30898 | Elf:2    | Got a crude hat
 30904 | Elf:2    | Identified the +0 hat of Masochism {*Slow rElec Regen+
                  | MP+9} (You found it on level 2 of the Elven Halls)
 31409 | Elf:2    | Noticed OmG's ghost (adept DsAr)
 31422 | Elf:2    | Found a transporter.
 31483 | Elf:2    | Reached skill level 10 in Charms
 31528 | Elf:2    | Found a transporter.
 31658 | Elf:2    | Noticed a titan
 31659 | Elf:2    | a titan changed into an iron dragon
 31719 | Elf:2    | Found a runed translucent gate.
 31719 | Elf:2    | Found a runed translucent gate.
 31720 | Elf:2    | Found a runed translucent gate.
 31832 | Elf:3    | Entered Level 3 of the Elven Halls
 32698 | Snake:2  | Noticed Azrael
 32732 | Snake:3  | Reached XP level 17. HP: 123/131 MP: 32/32
 32808 | Snake:4  | Entered Level 4 of the Snake Pit
 32994 | Snake:3  | Learned a level 2 spell: Poisonous Vapours
 33054 | Snake:3  | Found a transporter.
 33075 | Snake:3  | Found a transporter.
 34717 | Snake:4  | Noticed Bai Suzhen
 34940 | Snake:4  | Killed Bai Suzhen
 35156 | Snake:2  | Found Bases's Armour Shop.
 35156 | Snake:2  | Found Domasko's Antique Weapon Boutique.
 35157 | Snake:2  | Found Wycvupn's Book Shop.
 35158 | Snake:2  | Noticed Agnes
 35159 | Snake:2  | Found Ynwuplu's Gadget Boutique.
 35181 | Snake:2  | Killed Agnes
 35209 | Snake:2  | Bought a +1 shield of reflection for 283 gold pieces
 35209 | Snake:2  | Bought a +2 pair of gloves of dexterity for 451 gold pieces
 35412 | Snake:3  | Noticed Sagen's ghost (adept DrCj)
 35423 | Snake:3  | Learned a level 6 spell: Freezing Cloud
 35475 | Snake:3  | Killed Sagen's ghost
 35498 | Snake:3  | Got a pair of translucent boots
 35505 | Snake:3  | Identified the cursed +0 pair of boots of the Morning Star
                  | {Int+4} (You found it on level 3 of the Snake Pit)
 36433 | Swamp:1  | Reached XP level 18. HP: 115/138 MP: 33/33
 37411 | Swamp:2  | Paralysed by a hornet for 3 turns
 38869 | Swamp:4  | Entered Level 4 of the Swamp
 39531 | Swamp:4  | Got a decaying rune of Zot
 40170 | Snake:2  | Noticed Vashnia
 40176 | Snake:2  | Killed Azrael
 40207 | Snake:2  | Killed Vashnia
 40243 | Snake:2  | Noticed Aizul
 40285 | Snake:2  | Killed Aizul
 40993 | Snake:4  | Noticed Saint Roka
 41008 | Snake:4  | Noticed Saint Roka
 41008 | Snake:4  | Saint Roka changed into Saint Roka the caustic shrike
 41116 | Snake:4  | Killed Saint Roka the caustic shrike
 41116 | Snake:4  | Reached XP level 19. HP: 108/146 MP: 32/35
 41376 | Snake:4  | Noticed Louise
 41387 | Snake:4  | Cast into level 3 of the Abyss (Louise)
 41424 | Abyss:4  | Got a warped trident
 41487 | Abyss:4  | Reached skill level 10 in Conjurations
 41487 | Abyss:4  | Reached skill level 10 in Hexes
 41487 | Abyss:4  | Reached skill level 10 in Summonings
 41487 | Abyss:4  | Reached skill level 10 in Necromancy
 41487 | Abyss:4  | Reached skill level 10 in Translocations
 41487 | Abyss:4  | Reached skill level 10 in Transmutations
 41487 | Abyss:4  | Reached skill level 10 in Fire Magic
 41487 | Abyss:4  | Reached skill level 10 in Ice Magic
 41487 | Abyss:4  | Reached skill level 10 in Air Magic
 41487 | Abyss:4  | Reached skill level 10 in Earth Magic
 41487 | Abyss:4  | Reached skill level 10 in Poison Magic
 41494 | Abyss:4  | Noticed a profane servitor
 41524 | Abyss:4  | Killed a profane servitor
 41589 | Abyss:4  | Noticed a hellephant
 41608 | Abyss:4  | Noticed a hellephant
 41618 | Abyss:4  | Noticed a lich
 41619 | Abyss:4  | Noticed a lich
 41620 | Abyss:4  | Noticed a lich
 41679 | Abyss:4  | Gained mutation: You tend to lose your temper in combat. [a
                  | cacodemon]
 41708 | Snake:4  | Escaped the Abyss
 41759 | Snake:4  | Killed Louise
 42923 | Snake:4  | Noticed Donald
 42952 | Snake:4  | Killed Donald
 43374 | Snake:4  | Got a serpentine rune of Zot
 43432 | Snake:4  | Identified the +4 trident "Ehevvuwk" {pierce, *Corrode
                  | rC+++ rN+} (You found it on level 4 of the Abyss)
 43550 | Snake:2  | Lost mutation: You expend magic power (3 MP) to strengthen
                  | your wands. [potion of mutation]
 43550 | Snake:2  | Lost mutation: You have a somewhat thin skeletal structure.
                  | (Dex +2, Stealth) [potion of mutation]
 43550 | Snake:2  | Gained mutation: Your body sometimes deteriorates upon
                  | taking damage. [potion of mutation]
 43550 | Snake:2  | Gained mutation: Scrolls take you a little longer to read.
                  | [potion of mutation]
 43550 | Snake:2  | Gained mutation: You are agile. (Dex +2) [potion of
                  | mutation]
 44078 | D:14     | Found a gate to the Vaults.
 44348 | Vaults:1 | Entered Level 1 of the Vaults
 44367 | Vaults:1 | Reached XP level 20. HP: 100/155 MP: 34/36
 45318 | Vaults:2 | HP: 5/155 [ogre mage/bolt of lightning (36)]
 46487 | Elf:3    | Found Kef Tohi's Gadget Boutique.
 46518 | Elf:3    | Got a crystal war axe
 46528 | Elf:2    | Identified the +6 war axe "Tugol" {venom, Fragile rElec
                  | rC+} (You found it on level 3 of the Elven Halls)
 46635 | Elf:2    | Killed OmG's ghost
 46658 | Elf:2    | Got an encrusted cloak
 46676 | Elf:2    | Reached XP level 21. HP: 74/162 MP: 38/38
 46797 | Elf:2    | Identified the +0 cloak "Soolu" {+Inv rCorr Dex-2 Stlth+}
                  | (You found it on level 2 of the Elven Halls)
 48020 | Vaults:1 | Reached XP level 22. HP: 139/169 MP: 39/39
 48639 | Vaults:1 | Noticed Frederick
 48663 | Vaults:1 | Killed Frederick
 48687 | Vaults:1 | Paralysed by a vampire knight for 6 turns
 48691 | Vaults:1 | Mangled by a spriggan defender

Levels and vault maps discovered:
D:1:      onia_arrival_mini_spirals, layout_loops_ring
D:2:      layout_basic, marbit_many_paths, led_sif_pool,
          chequers_ecumenical_altar_simple_redux
D:3:      layout_loops_ring
D:4:      layout_rooms, kennysheep_ying_yang, first_ration, fedhas_altar_1
D:5:      layout_rooms, nicolae_ossuary_entry_catacombs, uniq_eustachio
D:6:      kennysheep_big_flooded_room, layout_loops_corners, okawaru_trees_2,
          serial_shops, nicolae_shop_crystal
D:7:      layout_loops_cross, lemuel_crystal_altar, minmay_temple_entry_mist,
          gammafunk_ghost_wrathful_warriors, roderic_lattice_a
D:8:      layout_basic, lemuel_round_altar, minmay_fractal_squares_5
D:9:      cheibrodos_wizards_tower, layout_loops_cross, kennysheep_mini_moat,
          serial_glass, glass_columns_b, glass_columns_c, glass_columns_a,
          glass_columns_b, glass_columns_a, glass_columns_b, glass_columns_c,
          glass_columns_a, grunt_livestock
D:10:     layout_small_grid, david_orc_4
D:11:     layout_basic, lair_entry_dummy, serial_shops, shop, uniq_harold,
          uniq_maurice
D:12:     layout_gridville
D:13:     kb_forest_paths, layout_irregular_city
D:14:     layout_long_grid, grunt_vaults_entry_fortified,
          minmay_misc_feat_secret_circle
D:15:     grunt_enter_depths_magical_seal, layout_basic, chequers_jeans,
          minmay_misc_feat_alley, einodemon_armed_red_devil_minivault
Lair:1:   layout_long_grid, nicolae_quartered_pool_little
Lair:2:   layout_cave_pods
Lair:3:   layout_loops_ring, special_room [special_room_bee], ebering_ghost_xom,
          grunt_megastairs_4, uniq_nergalle
Lair:4:   layout_hall_layers, minmay_swamp_entry_swarm,
          minmay_snake_entry_guardpost_medium, nicolae_volcano_entry_lava_flow,
          serial_bayou_lake_a, uniq_nessos
Lair:5:   layout_gridlike, slime_altar_1, eino_house_with_fridge
Lair:6:   gammafunk_lair_ancient_temple, layout_cave_shapes,
          infiniplex_staircase_pool_2
Swamp:1:  cheibrodos_swamp_tower_of_moss, layout_basic_swamp,
          hangedman_swamp_pad, swamp_pool1, hangedman_swamp_muck
Swamp:2:  layout_basic_swamp, infiniplex_staircase_pool, swamp_pool1,
          lightli_tree_ring
Swamp:3:  layout_basic_swamp, evilmike_swamp_ruin_rubble_1
Swamp:4:  swamp_alternative, layout_basic_swamp
Snake:1:  layout_onion, gammafunk_ghost_arena, lightli_airlock,
          lemuel_fruit_tree, uniq_nikola
Snake:2:  layout_cave_pods, grunt_ministairs_1, drop_trap, minmay_shoptagon,
          uniq_aizul, uniq_azrael, uniq_vashnia, uniq_agnes
Snake:3:  layout_chambers, gammafunk_ghost_berserking_beasts
Snake:4:  snake_pit, layout_basic, uniq_saint_roka, uniq_donald, uniq_louise,
          uniq_bai_suzhen
Orc:1:    layout_diamond_mine, serial_shops, shop_fountains, enter_bailey_3
Orc:2:    pubby_orc_utopia, serial_shops
Elf:1:    minmay_elf_arrival_plus, layout_loops_ring, serial_shops,
          nicolae_shop_stone, lemuel_flamethrower_2
Elf:2:    layout_loops_cross, gammafunk_ghost_berserking_beasts,
          palyth_stone_intersect, minivault_16
Elf:3:    minmay_elf_hall_spiked, layout_onion_city, serial_shops, shop,
          grunt_ministairs_2
Vaults:1: hangedman_vaults_nails, nicolae_vaults_what_the_h,
          nicolae_vaults_disjoint_gnomons, vaults_mumra_minichess_inversion,
          ontoclasm_vaults_ring_square, hangedman_vaults_stretched_pinwheel,
          v_misc_26, vaults_mumra_hexcomb, nicolae_vaults_little_squares_3,
          nicolae_vaults_rhombus_5, sword_in_stone, layout_vaults_chaotic_city
Vaults:2: hangedman_vaults_slither, ontoclasm_vaults_misaligned,
          nicolae_vaults_asterisk, minmay_crypt_entry_simple_statues,
          v_alt_pattern_6, grunt_vaults_focal, v_misc_5, v_misc_15,
          ontoclasm_vaults_ring_square, nicolae_vaults_rhombus_5,
          ontoclasm_vaults_shout, layout_vaults_quadrants

Skill      XL: |  1  2  3  4  5  6  7  8  9 10 11 12 13 14 15 16 17 18 19 20 21 22 |
---------------+-------------------------------------------------------------------+-----
Spellcasting   | 5 6 7 8 9 10 11 12 13 | 13.5
Invocations    | 1 2 3 4 5 6 7 8 9 10 11 12 13 | 13.8
Short Blades   | 1 2 3 4 6 7 8 9 10 11 12 | 12.8
Long Blades    | 1 2 3 4 6 7 8 9 10 11 12 | 12.8
Axes           | 1 2 3 4 6 7 8 9 10 11 12 | 12.8
Polearms       | 1 2 3 4 6 7 8 9 10 11 12 | 12.8
Staves         | 1 2 3 4 6 7 8 9 10 11 12 | 12.8
Slings         | 1 2 3 4 6 7 8 9 10 11 12 | 12.8
Bows           | 1 2 3 4 6 7 8 9 10 11 12 | 12.8
Crossbows      | 1 2 3 4 6 7 8 9 10 11 12 | 12.8
Throwing       | 1 2 3 4 6 7 8 9 10 11 12 | 12.8
Stealth        | 1 2 3 4 6 7 8 9 10 11 12 | 12.8
Shields        | 1 2 3 4 6 7 8 9 10 11 12 | 12.8
Unarmed Combat | 1 2 3 4 6 7 8 9 10 11 12 | 12.8
Evocations     | 1 2 3 4 6 7 8 9 10 11 12 | 12.8
Conjurations   | 1 2 3 5 6 7 8 9 10 11 | 11.0
Hexes          | 1 2 3 5 6 7 8 9 10 11 | 11.0
Summonings     | 1 2 3 5 6 7 8 9 10 11 | 11.0
Necromancy     | 1 2 3 5 6 7 8 9 10 11 | 11.0
Translocations | 1 2 3 5 6 7 8 9 10 11 | 11.0
Transmutations | 1 2 3 5 6 7 8 9 10 11 | 11.0
Fire Magic     | 1 2 3 5 6 7 8 9 10 11 | 11.0
Ice Magic      | 1 2 3 5 6 7 8 9 10 11 | 11.0
Air Magic      | 1 2 3 5 6 7 8 9 10 11 | 11.0
Earth Magic    | 1 2 3 5 6 7 8 9 10 11 | 11.0
Poison Magic   | 1 2 3 5 6 7 8 9 10 11 | 11.0
Armour         | 3 4 5 6 7 0 |  0.0
Fighting       | 5 6 7 8 9 10 11 12 13 | 13.4
Maces & Flails | 5 6 7 8 9 10 11 12 13 | 13.4
Dodging        | 5 6 7 8 9 10 11 12 13 | 13.4
Charms         | 6 7 7 6 8 9 10 11 12 | 12.0

Action                   |  1- 3 |  4- 6 |  7- 9 | 10-12 | 13-15 | 16-18 | 19-21 | 22-24 || total
-------------------------+-------+-------+-------+-------+-------+-------+-------+-------++-------
Melee: Mace              |   116 |       |       |       |       |       |       |       ||   116
       Bite              |     7 |    35 |    75 |   245 |   466 |   293 |   217 |    42 ||  1380
       Trident           |     6 |    96 |   234 |       |       |       |       |       ||   336
       Punch             |     1 |     2 |    15 |    76 |    32 |       |       |       ||   126
       Dagger            |       |   124 |       |       |  1296 |    26 |       |       ||  1446
       Whip              |       |       |   351 |  1342 |  1030 |       |       |       ||  2723
       Kick              |       |       |    33 |   465 |   851 |       |       |       ||  1349
       War axe           |       |       |       |    61 |       |       |       |       ||    61
       Rapier            |       |       |       |       |       |  1673 |   524 |       ||  2197
       Double sword      |       |       |       |       |       |       |   630 |   168 ||   798
Throw: Dart              |     2 |    13 |     7 |    27 |    11 |    11 |     5 |     1 ||    77
       Throwing net      |       |       |       |       |       |     5 |       |       ||     5
 Cast: Spectral Weapon   |       |       |       |    11 |     5 |   102 |    65 |     5 ||   188
       Regeneration      |       |       |       |     1 |     3 |    10 |    25 |       ||    39
       Confusing Touch   |       |       |       |     1 |    67 |    40 |    11 |     2 ||   121
       Poisonous Vapours |       |       |       |       |       |     3 |       |       ||     3
Invok: Sacrifice Love    |     1 |       |       |       |       |       |       |       ||     1
       Reject Sacrifices |       |       |     1 |     1 |       |       |       |       ||     2
       Draw Out Power    |       |       |     1 |    11 |    22 |    12 |     8 |       ||    54
       Sacrifice Experie |       |       |     1 |       |       |       |       |       ||     1
       Sacrifice Skill   |       |       |       |     1 |       |       |       |       ||     1
       Apocalypse        |       |       |       |     1 |       |     3 |     2 |       ||     6
       Sacrifice Durabil |       |       |       |       |     1 |       |       |       ||     1
       Power Leap        |       |       |       |       |     5 |       |     1 |       ||     6
Evoke: Wand              |       |       |    12 |    42 |    46 |    18 |     7 |     2 ||   127
  Use: Scroll            |     7 |     5 |    11 |    15 |    17 |    18 |    16 |     1 ||    90
       Potion            |     1 |     3 |    11 |    23 |    19 |    14 |    14 |       ||    85
 Stab: Sleeping          |     1 |     2 |    10 |     2 |     7 |    26 |     9 |     1 ||    58
       Invisible         |       |       |    14 |    31 |    49 |    38 |    38 |     5 ||   175
       Distracted        |       |       |       |    12 |     9 |    42 |    29 |     2 ||    94
       Paralysed         |       |       |       |    21 |    23 |    10 |    12 |     1 ||    67
       Petrified         |       |       |       |     7 |       |       |       |       ||     7
       Confused          |       |       |       |       |    57 |    32 |     5 |     2 ||    96
       Held in net/web   |       |       |       |       |       |     2 |       |       ||     2
  Eat: Chunk             |     1 |     2 |    11 |    20 |    23 |     8 |    10 |     2 ||    77
       Ration            |       |       |     2 |     4 |     7 |    11 |     4 |       ||    28
Armor: Ring mail         |    45 |    54 |    89 |   246 |    14 |       |       |       ||   448
       Leather armour    |     1 |       |       |       |       |       |       |       ||     1
       Skin              |       |       |    17 |       |       |       |       |       ||    17
       Scale mail        |       |       |       |       |   261 |   252 |   188 |    27 ||   728
Dodge: Dodged            |   108 |   118 |   350 |  1051 |   877 |   655 |   416 |    70 ||  3645
       Deflected         |       |       |    10 |    22 |    13 |    62 |    56 |     1 ||   164
Block: Buckler           |       |       |       |       |   574 |   331 |       |       ||   905
       Shield            |       |       |       |       |       |   386 |   706 |    88 ||  1180
       Reflection        |       |       |       |       |       |    20 |    91 |     3 ||   114
       Rpst.: Double sword |       |       |       |       |       |       |    43 |    12 ||    55
